 Dungeon Crawl Stone Soup version 0.22-a0-284-g99d1f74 (webtiles) character file.

313 Gorglomux the Skirmisher (level 6, -3/56 HPs)
             Began as a Centaur Fighter on Mar 22, 2018.
             Slain by Grinder (4 damage)
             ... on level 3 of the Dungeon.
             The game lasted 00:02:30 (3544 turns).

Gorglomux the Skirmisher (Centaur Fighter)          Turns: 3544, Time: 00:02:30

Health: -3/56      AC:  6    Str: 19    XL:     6   Next: 19%
Magic:  6/6        EV:  5    Int:  7    God:
Gold:   118        SH:  8    Dex: 10    Spells: 5/5 levels left

rFire    . . .     SeeInvis .   a - +0 war axe
rCold    . . .     Gourm    .   c - +0 shield
rNeg     . . .     Faith    .   b - +0 scale mail
rPois    .         Spirit   .   (no helmet)
rElec    .         Reflect  .   (no cloak)
rCorr    .         Harm     .   (no gloves)
MR       .....                  (no barding)
Stlth    ..........             (no amulet)
HPRegen  0.18/turn              (no ring)
MPRegen  0.10/turn              (no ring)

@: very quick
A: large, hooves 3, deformed body, speed 2, tough skin 3
a: no special abilities


You were on level 3 of the Dungeon.
You were not hungry.

You visited 1 branch of the dungeon, and saw 3 of its levels.

You collected 118 gold pieces.

Inventory:

Hand Weapons
 a - a +0 war axe (weapon)
Armour
 b - a +0 scale mail (worn)
 c - a +0 shield (worn)
Scrolls
 i - 2 scrolls of noise {unknown}
 j - 2 scrolls of remove curse {unknown}
 k - a scroll of amnesia {unknown}
 l - 4 scrolls of identify {unknown}
 n - 2 scrolls of fog {unknown}
 p - 2 scrolls of magic mapping {unknown}
Potions
 d - a potion of might
 g - 2 potions of lignification {unknown}
 o - a potion of resistance {unknown}
 q - a potion of flight {unknown}
 r - a potion of agility {unknown}
 s - a potion of heal wounds {unknown}
Comestibles
 f - 6 rations


   Skills:
 + Level 5.3 Fighting
 + Level 4.4 Axes
 - Level 2.1 Armour
 - Level 2.1 Shields


You had 5 spell levels left.
You didn't know any spells.

Dungeon Overview and Level Annotations

Branches:
Dungeon (3/15)

Altars:
Cheibriados
Dithmenos
Kikubaaqudgha
Makhleb
Uskayaw
Vehumet

Annotations:
D:3 1 runed door, Grinder


Innate Abilities, Weirdness & Mutations

You have hooves in place of feet.
Armour fits poorly on your strangely shaped body.
You cover ground very quickly.
You have extremely tough skin. (AC +3)


Message History

Grinder hits you!
You writhe in agony! * * * don't die
* * * Grinder blinks!!!
Z - a throwing net Grinder blinks!!!
Throwing (i - inventory)
Z - a throwing net (butt)
Press: ? - help, Butt-Dir - butt line, f/p - Grinder
Aim: Grinder (almost dead)
You throw a throwing net! The throwing net hits Grinder!
Grinder is caught in the net!!!
Grinder is almost dead!
Grinder struggles against the net!
Grinder blinks!!!
Grinder gestures at you!
Pain shoots through your body!!! * * * don't die
* * * Grinder hits you! * * * don't die
* * * You writhe in agony! rip

#......### #......#
######.# ########### #.#
#.....<...# #.#
#.#######.# #รท# #.# #.#
#####.#######.#
#........@5...############
#.###.######..............
#.###.###.#
#.....##########
#.........# ##...## #
#####.##### ##.## # # #.##
#.# # # #..# #.# # ###
##.# ##'## # ..# #.#
##...## #


You could see Grinder.

Vanquished Creatures
  A hound (D:3)
  An orc wizard (D:3)
  Ijyb (D:3)
  8 adders
  5 gnolls
  2 oozes (D:3)
  2 worms
  2 dart slugs (D:1)
  2 leopard geckos
  8 orcs (D:3)
  2 ball pythons
  3 giant cockroaches
  9 goblins
  6 hobgoblins
  4 quokkas
  12 bats
  4 frilled lizards
  9 kobolds
  9 rats
90 creatures vanquished.

Notes
Turn   | Place    | Note
-------+----------+-------------------------------------------
     0 | D:1      | Gorglomux the Centaur Fighter began the quest for the Orb.
     0 | D:1      | Reached XP level 1. HP: 19/19 MP: 1/1
   201 | D:1      | Reached XP level 2. HP: 26/26 MP: 2/2
   281 | D:1      | HP: 1/26 [gnoll/whip (6)]
  1130 | D:2      | Reached XP level 3. HP: 31/31 MP: 3/3
  1384 | D:2      | Reached skill level 4 in Fighting
  1413 | D:2      | Found a radiant altar of Vehumet.
  1416 | D:2      | Reached skill level 3 in Axes
  1416 | D:2      | Reached XP level 4. HP: 34/40 MP: 4/4
  1423 | D:2      | Found a shadowy altar of Dithmenos.
  1426 | D:2      | Found a snail-covered altar of Cheibriados.
  1429 | D:2      | Found a hide-covered altar of Uskayaw.
  1695 | D:2      | Found an ancient bone altar of Kikubaaqudgha.
  1871 | D:2      | Found a burning altar of Makhleb.
  2329 | D:3      | Noticed Ijyb
  2339 | D:3      | Killed Ijyb
  2339 | D:3      | Reached XP level 5. HP: 36/47 MP: 5/5
  2489 | D:3      | Reached skill level 5 in Fighting
  2890 | D:3      | Reached XP level 6. HP: 39/56 MP: 6/6
  2974 | D:3      | Found a runed door.
  3190 | D:3      | Noticed Grinder
  3204 | D:3      | Paralysed by Grinder for 2 turns
  3542 | D:3      | HP: 2/56 [Grinder/nerve-wracking pain (13)]
  3544 | D:3      | Slain by Grinder

Vault maps used:
D:1:      co_arrival_random_square_maze
D:2:      minmay_door_path, lemuel_coloured_pillars_altar, old_standard_altar,
          grunt_temple_overflow_cloverleaf, minmay_heptomino_h4
D:3:      first_ration, uniq_grinder, uniq_ijyb, uniq_crazy_yiuf_cottage

Skill      XL: |  1  2  3  4  5 |
---------------+----------------+-----
Axes           | 2 3 4 |  4.4
Fighting       | 4 5 |  5.3
Armour         | |  2.1
Shields        | |  2.1

Action                   |  1- 3 |  4- 6 || total
-------------------------+-------+-------++-------
Melee: War axe           |    71 |   188 ||   259
       Kick              |    18 |    40 ||    58
Throw: Throwing net      |       |     2 ||     2
  Eat: Chunk             |     1 |     6 ||     7
Armor: Scale mail        |    25 |    91 ||   116
Dodge: Dodged            |    10 |    49 ||    59
Block: Shield            |    22 |    85 ||   107

Table legend:
 A = Spawn XP
 B = Non-spawn XP
 C = Spawn XP percentage of total XP
 D = Spawn monster count
 E = Non-spawn monster count
 F = Spawn count percentage of total count
 G = Total turns spent on level
                    A         B        C        D         E        F      G
               +---------+---------+-------+---------+---------+-------+---------
         Total |       0 |     448 |   0.0 |       0 |      90 |   0.0 |  3544
               +---------+---------+-------+---------+---------+-------+---------
           D:1 |       0 |      40 |   0.0 |       0 |      16 |   0.0 |  1125
           D:2 |       0 |     102 |   0.0 |       0 |      32 |   0.0 |  1065
           D:3 |       0 |     306 |   0.0 |       0 |      42 |   0.0 |  1354
               +---------+---------+-------+---------+---------+-------+---------
